Workbook
Name \a: #REF!
Name \m: #REF!
Name \n: #REF!
Name \o: #REF!
Name _M8: #N/A
Name _M9: #N/A
Name _Num2: #REF!
Name _q11: #N/A
Name _q15: #N/A
Name _q17: #N/A
Name _q2: #N/A
Name _q3: #N/A
Name _q4: #N/A
Name _q5: #N/A
Name _q6: #N/A
Name _q7: #N/A
Name _q8: #N/A
Name _q9: #N/A
Name ÷ĺňâĺđňűé: #REF!
Name AES: #REF!
Name àî: #N/A
Name ALL_ORG: #REF!
Name âňîđîé: #REF!
Name AOE: #REF!
Name APR: #REF!
Name AUG: #REF!
Name BALEE_FLOAD: #REF!
Name BALEE_PROT: #REF!,#REF!,#REF!,#REF!
Name BALM_FLOAD: #REF!
Name BALM_PROT: #REF!,#REF!,#REF!,#REF!
Name cd: #N/A
Name CheckBC_List21_1_1: #REF!
Name CheckBC_List21_1_2: #REF!
Name CheckBC_List21_1_3: #REF!
Name CheckBC_List21_1_4: #REF!
Name CheckBC_List21_1_5: #REF!
Name com: #N/A
Name CompOt: '1.5'!CompOt
Name CompOt: '1.5'!CompOt
Name CompOt2: #N/A
Name CompRas: '1.5'!CompRas
Name CompRas: '1.5'!CompRas
Name Contents: #REF!
Name COPY_DIAP: #REF!
Name ct: #N/A
Name ď: #N/A
Name DATA: #REF!
Name DATE: #REF!
Name ďď: #N/A
Name đđ: #N/A
Name đđđ: #N/A
Name DEC: #REF!
Name ďĺđâűé: #REF!
Name DOC: #REF!
Name Down_range: #REF!
Name dsragh: #N/A
Name ęĺ: #N/A
Name ESO_ET: #REF!
Name ESO_PROT: #N/A
Name ESOcom: #REF!

Sheet Перечень необх.документов
B1: Перечень необходимой документации, подаваемой организацией, оказывающей услуги по передаче электроэнергии, в ГУ РЭК Рязанской области для установления тарифов на услуги по передаче электроэнергии.
B3: Расчетные материалы, представляются в ГУ РЭК Рязанской области в одном экземпляре, сшитые и пронумерованные в скоросшиватель, с соответствующим перечнем (заявлением, реквизитами организации, оглавлением, учредительными документами (устав, свидетельство о постановке на учет в налоговом органе, свидетельство о регистрации), документы , подтверждающие право собственности на имущество (свидетельство, договор аренды, план приватизации), пояснительной запиской (в пояснительной записке указывается краткая характеристика предприятия, все причины, обосновывающие необходимость установления или пересмотра тарифа с постатейными расшифровками, а также необходимые вычисления, проводимые при формировании затрат, прибыли и калькуляции себестоимости, как плановой, так и фактической), расчетными таблицами, обосновывающими материалами. Кроме того, представляется расчет в электронном виде (на электронном носителе, и по электронной почте info@rek.ryazan.ru )
B5: 1. Официальное заявление
B6: Заявление подписывается руководителем организации, заверяется печатью, должно содержать наименование и реквизиты организации.
B7: 2. Реквизиты сетевой организации
B8: 3.Оглавление
B9: 4.Учредительные документы
B10: 5. Документы, подтверждающие право собственности на сетевое имущество
B11: 6. Пояснительная записка
B12: 7. Расчетные таблицы
B13: Таблицы и расчеты предоставляются в соответствии с «Методическими указаниями по расчету регулируемых тарифов и цен на электрическую (тепловую)энергию на розничном (потребительском) рынке», утвержденными Приказом ФСТ России от 06.08.2004 N 20-э/2 и Методическими указаниями по расчету тарифов на услуги по передаче электрической энергии, устанавливаемых с применением метода долгосрочной индексации необходимой валовой выручки, утвержденными Приказом ФСТ РФ от 17.02.2012 N 98-э .
B14: 8. Обосновывающие материалы (подлинники или заверенные заявителем копии)
C16: Наименование обосновывающих материалов | D16: Показатели, для которых используются материалы
B17: 1. | C17: 1. Бухгалтерская отчетность за 2018 год, представляемая по формам, утвержденным Приказом Министерства финансов Российской Федерации от 22.07.2003 N 67н "О формах бухгалтерской отчетности организаций": | D17: Анализ хозяйственной деятельности
C18: - Бухгалтерский баланс (форма N 1);
C19: - Отчет о прибылях и убытках (форма N 2);
C20: - Отчет об изменениях капитала (форма N 3-годовая);
C21: - Отчет о движении денежных средств (форма N 4-годовая);
C22: - Приложение к бухгалтерскому балансу (форма N 5-годовая).
C23: Пояснительная записка к балансу.
C24: 2. Налоговые декларации по транспортному налогу, налогу на землю, налогу на имущество, налогу на прибыль за 2018 год, документы о налоговых льготах.
C25: 3. Копия приказа об учетной политике организации, заверенная в установленном порядке.
C26: 4. Статистическая форма 5-З "Сведения о затратах на производство и продажу продукции (товаров, работ, услуг)" за 2018 год.
C27: 5.Статотчетность по форме 46-ээ (передача) за 2018 год.
C28: 6. Отчетность, содержащая данные раздельного учета, согласно приложению №1 к Порядку, утвержденного приказом Министерства энергетики Российской Федерации от 13 декабря 2011г. №585
B29: 2. | C29: 1. Плановая покупка электрической энергии сбытовой организацией (в части поступления в сеть данной сетевой организации, согласованное со сбытовой компанией). | D29: Объем поступления и отпуска электрической энергии, перетоки между уровнями напряжения
C30: 2. Баланс электрической энергии (мощности) по сетям ВН, СН1, СН2 и НН (таблицы 1.4.,1.5)
C31: 3. Расчет технологического расхода электрической энергии (потерь) в электрических сетях (таблица 1.3)
C32: 4. Отпуск (передача) электроэнергии ТСО (таблица 1.30).
B33: 3. | C33: Система условных единиц для распределения общей суммы тарифной выручки по классам напряжения (таблицы 2.1., 2.2) факт 2018 и план 2020-2024 | D33: Состав оборудования
B34: 4. | C34: 1. Расчет стоимости покупной энергии на технологические цели (потери ФСК) (Таблица П 1.12) | D34: Затраты на услуги по передаче электроэнергии по ЕНЭС
C35: 2. Расчет суммы платы за услуги по организации функционирования и развитию Единой энергетической системы России и организации функционирования торговой системы оптового рынка электрической энергии (мощности), передаче электроэнергии по ЕНЭС. (таблица П 1.13)
B36: 5. | C36: 1. Смета затрат на содержание сетей (таблица 1.15) и калькуляция расходов, связанных с передачей электрической энергии (таблица 1.18.2) | D36: Затраты на регулируемую деятельность
C37: 2. Расчет расходов на сырье, основные и вспомогательные материалы на расчетный период регулирования с выделением расходов на ремонт основных средств, включая:
C38: - динамику годовых объемов потребления основных и вспомогательных материалов за последние 3 года;
C39: -реестр договоров на поставку материалов;
C40: - счета-фактуры с текущими ценами на момент регулирования;
C41: - нормы и нормативы расхода материалов с указанием регламентирующих документов.
C42: 3. Расчет расходов на работы и услуги производственного характера на расчетный период регулирования с выделением расходов на ремонт основных средств, включая:
C43: - расшифровку данных расходов;
C44: - отчет о фактических расходах за последние 3 года;
C45: договоры на выполнение работ.
C46: 4. Расчет стоимости покупной электрической и тепловой энергии (мощности) на хозяйственные (производственные) нужды исходя из тарифов, прогнозируемых на расчетный период регулирования, с обоснованием объемов покупки.
C47: 5. Расчет расходов на оплату труда (таблица 1.16), определяемого с учетом отраслевых тарифных соглашений и фактического объема фонда оплаты труда, сложившегося за период, предшествующий регулируемому, с приложением следующих материалов:
C48: статистическая форма П-4 " Сведения о численности, заработной плате и движении работников» по предприятию за 2018 год;
... C103: При заключении договоров на приобретение продукции, выполнение работ (оказание услуг) обязательно предоставляется отчет о проведении конкурсных процедур с расчетом эффективности их проведения.
B105: 6. | C105: 1. Справка о финансировании и освоении капитальных вложений (таблица 1.20.3) с обоснованием потребности в средствах (по подразделениям и в целом по предприятию). | D105: Плановая прибыль от регулируемой деятельности
C106: Формы КС-2, КС-3, Форма П-2.
C107: Инвестиционная программа, утвержденная ГУ РЭК и удовлетворяющая требованиям, предъявляемым ФСТ России (информационное письмо ФСТ России от 20.04.2006г. №ЕЯ-1897/12).
C108: 2. Расчет источников финансирования капитальных вложений (таблица 1.20)
C109: 3. Расчет необходимой прибыли (таблица 1.21.3)
C110: 4. Расчет необходимой прибыли на социальное развитие на расчетный период регулирования, включая:
C111: - программу социального развития;
C112: - расшифровку и расчет расходов на социальное развитие.
C113: 5. Расчет прибыли на поощрение на расчетный период регулирования, в том числе расчет выплат социального характера со ссылкой на положения коллективного договора и отраслевых тарифных соглашений, с указанием количества работников, по факту получивших выплаты.
C114: 6. Расчет дивидендов по акциям на расчетный период регулирования, включая фактические выплаты дивидендов за 3 предыдущих года.
C115: 7. Расчет "прибыли на прочие цели" (с расшифровкой расходов, включая перечень договоров на расчетный период регулирования).
C116: 8. Расчет плановых расходов на оплату процентов по кредитам банков на расчетный период регулирования, включая:
C117: - расчет расходов, необходимых для поддержания достаточного размера оборотного капитала (расчет кассовых разрывов, отчет о движении потоков наличности);
... C126: 12.Расчет налога на имущество на расчетный период регулирования, включая перечень льготируемого имущества.
B127: 7. | C127: 1. Расчет платы за услуги по содержанию электрических сетей (таблица 1.24) | D127: Расчет ставок тарифа на услуги по передаче электроэнергии
C128: 2. Расчет ставки по оплате потерь электроэнергии (таблица 1.25).
C129: 3. Расчет индивидуальных тарифов на услуги по передаче электрической энергии по сетям (кроме котлодержателя).
B130: 8. | D130: Расчет ставок тарифа на услуги по передаче электроэнергии
C131: Расчет тарифов на услуги по передаче электрической энергии по сетям на долгосрочный период регулирования
B134: 9. Инвестиционная программа
B135: 10. Программа энергосбережения
B136: 11. Показатели надежности и качества
B137: 12. Информация о согласованных объемах ( с ОАО "РЭСК" и филиалом «Рязаньэнерго» ОАО «МРСК Центра и Приволжья»)
B139: Примечание.
B140: При заполнении таблиц в столбце «базовый период» указывать факт 2018 года, в столбце «период регулирования» – план 2020 года.
B141: Отчетные данные за девять месяцев предоставить до 5 ноября.
B142: Отчетность , содержащая данные раздельного учета , ведется по формам согласно приложению №1 к Порядку и предосталяется субъектами естественных монополий ( в т.ч. в электронном виде) вместе с бухгалтерской отчетностью организации.
B143: В ходе государственного регулирования перечень материалов может быть дополнен.

Sheet 1.4
B3: Баланс электрической энергии по сетям ВН, СН1, СН2 и НН
C4: =IF(ROUND(C12+C13-C17-C19,2)=0,"","Не сходится поступление и отпуск")
A5: п.п. | B5: Показатели | C5: 2018 факт
C6: Всего | D6: ВН | E6: СН1 | F6: СН2 | G6: НН
A7: 1. | B7: Поступление эл.энергии в сеть , ВСЕГО | C7: =C13 -> 29128.28 | D7: =D1+D17+E9+F9+G9 -> 0.002059 | E7: =E19+E17+F10+G10 -> 0.002059 | F7: =F19+F17+G11 -> 29128.282 | G7: =G19+G17 -> 18195.603
A8: 1.1. | B8: из собственной смежной сети, всего, в т.ч. из сети | D8: х | E8: =E7-E12-E13 -> 0.002059 | F8: =F7-F12-F13 -> 0.002059 | G8: =G7-G12-G13 -> 18195.603
B9: ВН | D9: х | E9: =E8 -> 0.002059
B10: СН1 | D10: х | E10: х | F10: =F8-F9 -> 0.002059
B11: СН2 | D11: х | E11: х | F11: х | G11: =G8-G9-G10 -> 18195.603
A12: 1.2. | B12: от электростанций | C12: =D12+E12+F12+G12 -> 0
A13: 1.3. | B13: от сетевых организаций (указать): | C13: =D13+E13+F13+G13 -> 29128.28 | D13: =D14+D15+D16 -> 0 | E13: =E14+E15+E16 -> 0 | F13: =F14+F15+F16 -> 29128.28 | G13: =G14+G15+G16 -> 0
A14: 1.3.1. | B14: ОАО "ФСК ЕЭС" | C14: =D14+E14+F14+G14 -> 0
A15: 1.3.2. | B15: от филиала "Рязаньэнерго" ОАО "МРСК Центра и Приволжья" | C15: =D15+E15+F15+G15 -> 23688.777 | F15: =SUM('[6]ИА 2019'!$B$123:$D$123)/1000 -> 23688.777
A16: 1.3.3. | B16: от других сетевых организаций | C16: =D16+E16+F16+G16 -> 5439.5025 | F16: =SUM('[6]ИА 2019'!$B$124:$D$128)/1000 -> 5439.5025
A17: 2. | B17: Потери электроэнергии в сети | C17: =D17+E17+F17+G17 -> 6474.597 | F17: 2478.3172 | G17: 3996.2798
B18: то же в % (п.2/п.1) | C18: =IF(C7=0,"",C17/C7) -> 0.22227873 | F18: =IF(F7=0,0,F17/F7) -> 0.085082848 | G18: =IF(G7=0,0,G17/G7) -> 0.21962887
A19: 3. | B19: Полезный отпуск из сети | C19: =D19+E19+F19+G19 -> 22653.685 | D19: =D20+D24+D28+D29 -> 0 | E19: =E20+E24+E28+E29 -> 0 | F19: =F20+F24+F28+F29 -> 8454.3614 | G19: =G20+G24+G28+G29 -> 14199.323
A20: 3.1. | B20: в т.ч. потребителям сбытовых компаний розничного рынка (указать по сбытовым компаниям): | C20: =D20+E20+F20+G20 -> 22653.685 | D20: =D21+D22+D23 -> 0 | E20: =E21+E22+E23 -> 0 | F20: =F21+F22+F23 -> 8454.3614 | G20: =G21+G22+G23 -> 14199.323
A21: 3.1.1. | B21: ОАО "РЭСК" | C21: =D21+E21+F21+G21 -> 22653.685 | F21: =[6]СВ2019!$G$118/1000 -> 8454.3614 | G21: =SUM([6]СВ2019!$B$118:$F$118,[6]СВ2019!$H$118)/1000 -> 14199.323
A22: 3.1.2. | B22: ООО РГМЭК | C22: =D22+E22+F22+G22 -> 0
A23: 3.1.3. | B23: ОАО "Оборонэнергосбыт" | C23: =D23+E23+F23+G23 -> 0
A24: 3.2. | B24: потребителям оптового рынка (указать): | C24: =D24+E24+F24+G24 -> 0 | D24: =D25+D26+D27 -> 0 | E24: =E25+E26+E27 -> 0 | F24: =F25+F26+F27 -> 0 | G24: =G25+G26+G27 -> 0
A25: 3.2.1. | C25: =D25+E25+F25+G25 -> 0
A26: 3.2.2. | C26: =D26+E26+F26+G26 -> 0
A27: 3.2.3. | C27: =D27+E27+F27+G27 -> 0
A28: 3.3. | B28: расход электроэнергии на собственные производственные и хозяйственные нужды | C28: =D28+E28+F28+G28 -> 0
A29: 3.4. | B29: сальдо переток в другие сетевые организации (транзит, указать организации): | C29: =D29+E29+F29+G29 -> 0 | D29: =D30+D31+D32 -> 0 | E29: =E30+E31+E32 -> 0 | F29: =F30+F31+F32 -> 0 | G29: =G30+G31+G32 -> 0
A30: 3.4.1. | C30: =D30+E30+F30+G30 -> 0
A31: 3.4.2. | C31: =D31+E31+F31+G31 -> 0
A32: 3.4.3. | C32: =D32+E32+F32+G32 -> 0
A34: 4.1. | B34: Расчетное поступление в сеть для сторонних потребителей | C34: =SUM(D34:G34) -> 29128.282 | D34: =D35+D36 -> 0 | E34: =E35+E36 -> 0 | F34: =F35+F36 -> 10932.679 | G34: =G35+G36 -> 18195.603
A35: 4.2. | B35: Потери, отнесенные на сторонних потребителей | C35: =SUM(D35:G35) -> 6474.597 | D35: =IF((D7-D17)=0,0,D17/(D7-D17)*D36) -> 0 | E35: =IF((E7-E17)=0,0,E17/(E7-E17)*E36) -> 0 | F35: =F17 -> 2478.3172 | G35: =IF((G7-G17)=0,0,G17/(G7-G17)*G36) -> 3996.2798
A36: 4.3. | B36: Суммарный полезный отпуск на сторону | C36: =SUM(D36:G36) -> 22653.685 | D36: =D29+D24+D20 -> 0 | E36: =E29+E24+E20 -> 0 | F36: =F29+F24+F20 -> 8454.3614 | G36: =G29+G24+G20 -> 14199.323
B39: Расшифровка п. 1.3.3.(Поступление от других сетевых организаций)
A40: № | B40: Наименование других сетевых организаций | C40: Всего | D40: ВН | E40: СН1 | F40: СН2 | G40: НН
B41: Центральный филиал ООО "Газпром энерго" | C41: =SUM(D41:G41) -> 2122 | E41: 2122
B42: АО "РОЭК" Центральный исполнительный аппарат | C42: =SUM(D42:G42) -> 2637 | F42: 2637
B43: Прочие | C43: =SUM(D43:G43) -> 1014 | F43: 1014
B45: Итого | C45: =SUM(C41:C44) -> 5773 | D45: =SUM(D41:D44) -> 0 | E45: =SUM(E41:E44) -> 2122 | F45: =SUM(F41:F44) -> 3651 | G45: =SUM(G41:G44) -> 0
B49: Расшифровка п.3. 4. (Полезный отпуск - переток в другие сетевые организации)
A50: № | B50: Наименование других сетевых организаций | C50: Всего | D50: ВН | E50: СН1 | F50: СН2 | G50: НН
C51: =SUM(D51:G51) -> 0
C52: =SUM(D52:G52) -> 0
C53: =SUM(D53:G53) -> 0
B55: Итого | C55: =SUM(C51:C53) -> 0 | D55: =SUM(D51:D53) -> 0 | E55: =SUM(E51:E53) -> 0 | F55: =SUM(F51:F53) -> 0 | G55: =SUM(G51:G53) -> 0
B58: Расшифровка п. 3.1 (Полезный отпуск потребителям, присоединенным к сети)
A59: № | B59: Наименование сбытовых организаций | C59: Всего | D59: ВН | E59: СН1 | F59: СН2 | G59: НН
A60: 1. | B60: ОАО "РЭСК" всего, в том числе: | C60: =D60+E60+F60+G60 -> 22653.685 | D60: =D61+D62 -> 0 | E60: =E61+E62 -> 0 | F60: =F61+F62 -> 8454.3614 | G60: =G61+G62 -> 14199.323
A61: 1.1. | B61: прочие потребители | C61: =D61+E61+F61+G61 -> 11323.207 | F61: =[6]СВ2019!$G$118/1000 -> 8454.3614 | G61: =[6]СВ2019!$H$118/1000 -> 2868.8453
A62: 1.2. | B62: население | C62: =D62+E62+F62+G62 -> 11330.478 | G62: =SUM([6]СВ2019!$B$118:$F$118)/1000 -> 11330.478
A63: 2. | B63: ООО "РГМЭК" всего, в том числе: | C63: =D63+E63+F63+G63 -> 0 | D63: =D64+D65 -> 0 | E63: =E64+E65 -> 0 | F63: =F64+F65 -> 0 | G63: =G64+G65 -> 0
A64: 2.1. | B64: прочие потребители | C64: =D64+E64+F64+G64 -> 0
A65: 2.2. | B65: население | C65: =D65+E65+F65+G65 -> 0
A66: 3. | B66: ОАО "Оборонэнергосбыт" | C66: =D66+E66+F66+G66 -> 0 | D66: =D67+D68 -> 0 | E66: =E67+E68 -> 0 | F66: =F67+F68 -> 0 | G66: =G67+G68 -> 0
A67: 3.1. | B67: прочие потребители | C67: =D67+E67+F67+G67 -> 0
A68: 3.2. | B68: население | C68: =D68+E68+F68+G68 -> 0
A69: 4. | B69: ПРОЧИЕ | C69: =D69+E69+F69+G69 -> 0 | D69: =D70+D71 -> 0 | E69: =E70+E71 -> 0 | F69: =F70+F71 -> 0 | G69: =G70+G71 -> 0
A70: 4.1. | B70: прочие потребители | C70: =D70+E70+F70+G70 -> 0
A71: 4.2. | B71: население | C71: =D71+E71+F71+G71 -> 0
B73: Итого всего, в том числе: | C73: =D73+E73+F73+G73 -> 22653.685 | D73: =D74+D75 -> 0 | E73: =E74+E75 -> 0 | F73: =F74+F75 -> 8454.3614 | G73: =G74+G75 -> 14199.323
B74: прочие потребители | C74: =D74+E74+F74+G74 -> 11323.207 | D74: =D61+D64+D67+D70 -> 0 | E74: =E61+E64+E67+E70 -> 0 | F74: =F61+F64+F67+F70 -> 8454.3614 | G74: =G61+G64+G67+G70 -> 2868.8453
B75: население | C75: =D75+E75+F75+G75 -> 11330.478 | D75: =D62+D65+D68+D71 -> 0 | E75: =E62+E65+E68+E71 -> 0 | F75: =F62+F65+F68+F71 -> 0 | G75: =G62+G65+G68+G71 -> 11330.478

Sheet 1.5
B3: Баланс электрической мощности по ВН, СН1, СН2 и НН
B4: за 2019 год
B5: по МУ МПЖКХ Гусь-Железный
C6: =IF(ROUND(C14+C15-C19-C21,2)=0,"","Не сходится поступление и отпуск")
A7: п.п. | B7: Показатели | C7: 2019 факт
C8: Всего | D8: ВН | E8: СН1 | F8: СН2 | G8: НН
A9: 1. | B9: Поступление мощности в сеть , ВСЕГО | C9: =C15 -> 5.2960508 | D9: =D21+D19+E11+F11+G11 -> 3.7436364e-07 | E9: =E21+E19+F12+G12 -> 3.7436364e-07 | F9: =F21+F19+G13 -> 5.2960512 | G9: =G21+G19 -> 3.3082915
A10: 1.1. | B10: из собственной смежной сети, всего, в т.ч. из сети | D10: х | E10: =E9-E14-E15 -> 3.7436364e-07 | F10: =F9-F14-F15 -> 3.7436364e-07 | G10: =G9-G14-G15 -> 3.3082915
B11: ВН | D11: х | E11: =E10 -> 3.7436364e-07
B12: СН1 | D12: х | E12: х | F12: =F10-F11 -> 3.7436364e-07
B13: СН2 | D13: х | E13: х | F13: х | G13: =G10-G11-G12 -> 3.3082915
A14: 1.2. | B14: от электростанций | C14: =D14+E14+F14+G14 -> 0
A15: 1.3. | B15: от сетевых организаций (указать): | C15: =D15+E15+F15+G15 -> 5.2960508 | D15: =D16+D17+D18 -> 0 | E15: =E16+E17+E18 -> 0 | F15: =F16+F17+F18 -> 5.2960508 | G15: =G16+G17+G18 -> 0
A16: 1.3.1. | B16: ОАО "ФСК ЕЭС" | C16: =D16+E16+F16+G16 -> 0 | I16: =24*365 -> 8760
A17: 1.3.2. | B17: от филиала "Рязаньэнерго" ОАО "МРСК Центра и Приволжья" | C17: =D17+E17+F17+G17 -> 4.3070504 | F17: ='1.4'!F15/5500 -> 4.3070504 | H17: =('1.4'!F15/5500) -> 4.3070504
A18: 1.3.3. | B18: от других сетевых организаций | C18: =D18+E18+F18+G18 -> 0.98900045 | F18: ='1.4'!F16/5500 -> 0.98900045 | I18: ='1.4'!F15/'1.5'!F17 -> 5500
A19: 2. | B19: Потери в сети | C19: =D19+E19+F19+G19 -> 1.1771995 | F19: ='1.4'!F17/5500 -> 0.45060312 | G19: ='1.4'!G17/5500 -> 0.72659633
B20: то же в % (п.2/п.1) | C20: =IF(C9=0,"",C19/C9) -> 0.22227873 | D20: =IF(D9=0,0,D19/D9) -> 0 | E20: =IF(E9=0,0,E19/E9) -> 0 | F20: =IF(F9=0,0,F19/F9) -> 0.085082848 | G20: =IF(G9=0,0,G19/G9) -> 0.21962887
A21: 3. | B21: Полезный отпуск мощности из сети | C21: =D21+E21+F21+G21 -> 4.1188518 | D21: =D22+D26+D30+D31 -> 0 | E21: =E22+E26+E30+E31 -> 0 | F21: =F22+F26+F30+F31 -> 1.5371566 | G21: =G22+G26+G30+G31 -> 2.5816952
A22: 3.1. | B22: в т.ч. заявленная (расчетная) мощность потребителей сбытовых компаний розничного рынка (указать по сбытовым компаниям): | C22: =D22+E22+F22+G22 -> 4.1188518 | D22: =D23+D24+D25 -> 0 | E22: =E23+E24+E25 -> 0 | F22: =F23+F24+F25 -> 1.5371566 | G22: =G23+G24+G25 -> 2.5816952
A23: 3.1.1. | B23: ОАО "РЭСК" | C23: =D23+E23+F23+G23 -> 4.1188518 | F23: ='1.4'!F21/5500 -> 1.5371566 | G23: ='1.4'!G21/5500 -> 2.5816952
A24: 3.1.2. | B24: ООО РГМЭК | C24: =D24+E24+F24+G24 -> 0
A25: 3.1.3. | C25: =D25+E25+F25+G25 -> 0
A26: 3.2. | B26: заявленная (расчетная) мощность потребителей оптового рынка (указать): | C26: =D26+E26+F26+G26 -> 0 | D26: =D27+D28+D29 -> 0 | E26: =E27+E28+E29 -> 0 | F26: =F27+F28+F29 -> 0 | G26: =G27+G28+G29 -> 0
A27: 3.2.1. | C27: =D27+E27+F27+G27 -> 0
A28: 3.2.2. | C28: =D28+E28+F28+G28 -> 0
A29: 3.2.3. | C29: =D29+E29+F29+G29 -> 0
A30: 3.3. | B30: мощность на собственные производственные и хозяйственные нужды | C30: =D30+E30+F30+G30 -> 0
A31: 3.4. | B31: в другие сетевые организации (транзит, указать организации): | C31: =D31+E31+F31+G31 -> 0 | D31: =D32+D33+D34 -> 0 | E31: =E32+E33+E34 -> 0 | F31: =F32+F33+F34 -> 0 | G31: =G32+G33+G34 -> 0
A32: 3.4.1. | C32: =D32+E32+F32+G32 -> 0
A33: 3.4.2. | C33: =D33+E33+F33+G33 -> 0
A34: 3.4.3. | C34: =D34+E34+F34+G34 -> 0
A36: 4.1. | B36: Расчетное поступление мощности для сторонних потребителей | C36: =SUM(D36:G36) -> 4.9883962 | D36: =D37+D38 -> 0 | E36: =E37+E38 -> 0 | F36: =F37+F38 -> 1.6801047 | G36: =G37+G38 -> 3.3082915
A37: 4.2. | B37: Потери, отнесенные на сторонних потребителей | C37: =SUM(D37:G37) -> 0.86954443 | D37: =IF((D9-D19)=0,0,D19/(D9-D19)*D38) -> 0 | E37: =IF((E9-E19)=0,0,E19/(E9-E19)*E38) -> 0 | F37: =IF((F9-F19)=0,0,F19/(F9-F19)*F38) -> 0.14294809 | G37: =IF((G9-G19)=0,0,G19/(G9-G19)*G38) -> 0.72659633
A38: 4.3. | B38: Суммарная мощность на сторону | C38: =SUM(D38:G38) -> 4.1188518 | D38: =D31+D26+D22 -> 0 | E38: =E31+E26+E22 -> 0 | F38: =F31+F26+F22 -> 1.5371566 | G38: =G31+G26+G22 -> 2.5816952
B42: Расшифровка п. 1.3.3 (Поступление от других сетевых организаций)
A43: № | B43: Наименование других сетевых организаций | C43: Всего | D43: ВН | E43: СН1 | F43: СН2 | G43: НН
B44: Центральный филиал ООО "Газпром энерго" | C44: 0.292 | F44: ='[6]ИА 2019'!$H$124/1000/5500 -> 0.39174545
B45: Московская дирекция по энергообеспечению Трансэнерго - филиал ОАО "РЖД" | C45: 1.386 | F45: ='[6]ИА 2019'!$D$125/1000/5500 -> 0.035972727
B46: АО "РОЭК" Центральный исполнительный аппарат | C46: 0.455 | F46: ='[6]ИА 2019'!$D$126/5500/1000 -> 0.51465455
B47: Прочие | C47: 0.634 | F47: =SUM('[6]ИА 2019'!$D$127:$D$128)/1000/5500 -> 0.046627724
C48: 0.14
C49: 1
C50: 4.192
B51: Итого | C51: =SUM(C44:C50) -> 8.099 | D51: =SUM(D44:D46) -> 0 | E51: =SUM(E44:E46) -> 0 | F51: =SUM(F44:F46) -> 0.94237273 | G51: =SUM(G44:G46) -> 0
B53: Расшифровка п. 3.4. (Полезный отпуск - переток в другие сетевые организации)
A54: № | B54: Наименование других сетевых организаций | C54: Всего | D54: ВН | E54: СН1 | F54: СН2 | G54: НН
C55: =SUM(D55:G55) -> 0
C56: =SUM(D56:G56) -> 0
C57: =SUM(D57:G57) -> 0
B59: Итого | C59: =SUM(C55:C57) -> 0 | D59: =SUM(D55:D57) -> 0 | E59: =SUM(E55:E57) -> 0 | F59: =SUM(F55:F57) -> 0 | G59: =SUM(G55:G57) -> 0
A60: Расшифровка п. 3.1 (Полезный отпуск потребителям, присоединенным к сети)
A62: № | B62: Наименование сбытовых организаций | C62: Всего | D62: ВН | E62: СН1 | F62: СН2 | G62: НН
A63: 1. | B63: ОАО "РЭСК"всего, в том числе: | C63: =D63+E63+F63+G63 -> 4.1188518 | D63: =D64+D65 -> 0 | E63: =E64+E65 -> 0 | F63: =F64+F65 -> 1.5371566 | G63: =G64+G65 -> 2.5816952
A64: 1.1. | B64: прочие потребители | C64: =D64+E64+F64+G64 -> 2.0587649 | F64: ='1.4'!F61/5500 -> 1.5371566 | G64: ='1.4'!G61/5500 -> 0.52160824
A65: 1.2. | B65: население | C65: =D65+E65+F65+G65 -> 2.0600869 | G65: ='1.4'!G62/5500 -> 2.0600869
A66: 2. | B66: ООО "РГМЭК"всего, в том числе: | C66: =D66+E66+F66+G66 -> 0 | D66: =D67+D68 -> 0 | E66: =E67+E68 -> 0 | F66: =F67+F68 -> 0 | G66: =G67+G68 -> 0
A67: 2.1. | B67: прочие потребители | C67: =D67+E67+F67+G67 -> 0
A68: 2.2. | B68: население | C68: =D68+E68+F68+G68 -> 0
A69: 3. | B69: ОАО "Оборонэнергосбыт" | C69: =D69+E69+F69+G69 -> 0 | D69: =D70+D71 -> 0 | E69: =E70+E71 -> 0 | F69: =F70+F71 -> 0 | G69: =G70+G71 -> 0
A70: 3.1. | B70: прочие потребители | C70: =D70+E70+F70+G70 -> 0
A71: 3.2. | B71: население | C71: =D71+E71+F71+G71 -> 0
A72: 4. | B72: ПРОЧИЕ | C72: =D72+E72+F72+G72 -> 0 | D72: =D73+D74 -> 0 | E72: =E73+E74 -> 0 | F72: =F73+F74 -> 0 | G72: =G73+G74 -> 0
A73: 4.1. | B73: прочие потребители | C73: =D73+E73+F73+G73 -> 0 | F73: ='1.4'!F70/5499 -> 0 | G73: ='1.4'!G70/5499 -> 0
A74: 4.2. | B74: население | C74: =D74+E74+F74+G74 -> 0
B76: Итого всего, в том числе: | C76: =D76+E76+F76+G76 -> 4.1188518 | D76: =D77+D78 -> 0 | E76: =E77+E78 -> 0 | F76: =F77+F78 -> 1.5371566 | G76: =G77+G78 -> 2.5816952
B77: прочие потребители | C77: =D77+E77+F77+G77 -> 2.0587649 | D77: =D64+D67+D70+D73 -> 0 | E77: =E64+E67+E70+E73 -> 0 | F77: =F64+F67+F70+F73 -> 1.5371566 | G77: =G64+G67+G70+G73 -> 0.52160824
B78: население | C78: =D78+E78+F78+G78 -> 2.0600869 | D78: =D65+D68+D71+D74 -> 0 | E78: =E65+E68+E71+E74 -> 0 | F78: =F65+F68+F71+F74 -> 0 | G78: =G65+G68+G71+G74 -> 2.0600869

Sheet Лизинг
A4: Лизинг
A5: № пп | B5: Реквизиты договора | C5: Срок договора | D5: объект | E5: Описание и местонахождения имущества | F5: Инв. № | G5: Дата ввода в эксплуатацию | H5: Собственник имущества - арендодатель | I5: факт 2018, тыс. руб. | J5: утверждено 2019, тыс. руб. | K5: Предложение организации на 2020, тыс. руб.
A7: 2
A8: 3
A9: 4
A10: 5
B11: ИТОГО | I11: =SUM(I7:I10) -> 0 | J11: =SUM(J7:J10) -> 0 | K11: =SUM(K7:K10) -> 0

Sheet Лист1
